 Dungeon Crawl Stone Soup version 0.30.0-20-g3615ddf2f0 (webtiles) character file.

Game seed: 15194270404463708270

9909 qw the Cleaver (level 11, 0/69 HPs)
             Began as a Gargoyle Fighter on May 31, 2023.
             Was a Priest of Okawaru.
             Slain by a death yak (7 damage)
             ... on level 1 of the Lair of Beasts.
             The game lasted 00:04:40 (7598 turns).

qw the Cleaver (Gargoyle Fighter)                   Turns: 7598, Time: 00:04:41

Health: 0/69       AC: 27    Str: 25    XL:     11   Next: 53%
Magic:  12/14      EV: 14    Int:  8    God:    Okawaru [***...]
Gold:   701        SH: 12    Dex: 12    Spells: 10/10 levels left

rFire   . . .        Y - +0 war axe (flame)
rCold   . . .        k - +0 kite shield
rNeg    + . .        v - +0 plate armour
rPois   inf          f - +1 helmet
rElec   +            (no cloak)
rCorr   +            (no gloves)
SInv    .            c - +0 pair of boots
Will    .....        j - amulet of regeneration Stlth
                     a - ring of Jiechupp {Fly rCorr Dex+3}
HPRegen 1.11/turn    n - +5 ring of evasion
MPRegen 0.14/turn

%: no passive effects
@: about to teleport, heroic, flying
A: sickness immunity, AC +8, negative energy resistance 1, electricity
resistance, torment resistance 1, petrification resistance
a: Renounce Religion, Heroism


You were on level 1 of the Lair of Beasts.
You worshipped Okawaru.
Okawaru was most pleased with you.
You visited 3 branches of the dungeon, and saw 12 of its levels.
You also visited: Sewer.

You collected 701 gold pieces.


Innate Abilities, Weirdness & Mutations

You are immune to sickness and miasma.
Your stone body is resilient. (AC +8)
You are immune to poison.
You resist negative energy. (rN+)
You are resistant to electric shocks. (rElec)
You are resistant to unholy torment.
You are immune to petrification.


   Skills:
 - Level 8.3(13.3) Fighting
 - Level 11.1(16.1) Axes
 - Level 2.1(7.1) Throwing
 - Level 7.0(12.0) Armour
 - Level 3.0(8.0) Dodging
 + Level 9.0(14.0) Shields
 - Level 4.3 Invocations


You had 10 spell levels left.
You didn't know any spells.
Your spell library was empty.

Inventory:

Hand Weapons
 g - the +4 consecrated labrys {holy, Valiant Fragile Fly SInv}
   (You acquired it on level 2 of the Dungeon)

   Valiant:   It becomes more powerful as more dangerous foes come into view.
   SInv:      It lets you see invisible.
   Fly:       It grants you flight.
   Fragile:   It will be destroyed if unequipped.
 Y - a +0 war axe of flaming (weapon)
Missiles
 l - a boomerang (quivered)
Armour
 c - a +0 pair of boots (worn)
 f - a +1 helmet (worn)
 k - a +0 kite shield (worn)
 v - a +0 plate armour (worn)
Jewellery
 a - the ring of Jiechupp (left hand) {Fly rCorr Dex+3}
   (You acquired it on level 1 of the Dungeon)

   [ring of flight]

   Dex:       It affects your dexterity (+3).
   Fly:       It grants you flight.
   rCorr:     It protects you from acid and corrosion.
 j - an amulet of regeneration (around neck)
 n - a +5 ring of evasion (right hand)
 t - a ring of fire
Scrolls
 m - a scroll of identify
 s - 3 scrolls of teleportation
Potions
 d - 2 potions of might
 e - 2 potions of resistance
 o - 2 potions of curing
 r - a potion of degeneration {unknown}
 u - a potion of cancellation
 w - a potion of invisibility {unknown}
 x - a potion of magic {unknown}

Dungeon Overview and Level Annotations

Branches:
Dungeon (9/15)             Temple (1/1) D:5            Lair (2/5) D:8
  Sewer (visited)
  Swamp: Lair:2-3    Shoals: Lair:2-3     Snake: Lair:2-3    Spider: Lair:2-3
    Orc: D:9-12

Altars:
Cheibriados
Dithmenos
Fedhas
Gozag
Hepliaklqana
Kikubaaqudgha
Nemelex Xobeh
Okawaru
Qazlal
Sif Muna
Trog
Uskayaw
Vehumet
Wu Jian
Xom
Yredelemnul
Zin
The Shining One


Message History

You block the death yak's attack.
You slash the death yak! You burn the death yak.
The death yak is heavily wounded.
You hit the death yak. You burn the death yak. You hit the death yak.
You burn the death yak. The death yak gores you.
The death yak gores you but does no damage. x2
You barely miss the death yak.
The death yak is heavily wounded.
You hit the death yak. You burn the death yak.
You hit the death yak but do no damage. You slash the death yak!
You burn the death yak.
The death yak is heavily wounded.
You slash the death yak! You burn the death yak. You barely miss the death yak.
The death yak barely misses you.
The death yak gores you but does no damage. x2
You hit the death yak but do no damage.
The death yak is heavily wounded.
You barely miss the death yak. You hit the death yak but do no damage.
The death yak gores you! The death yak barely misses you.
The death yak gores you but does no damage.
You hit the death yak. You burn the death yak.
The death yak is severely wounded.
You hit the death yak. You burn the death yak. You hit the death yak.
You burn the death yak.
The death yak gores you but does no damage.
The death yak gores you! The death yak closely misses you.
7596 ||| READING 4 scrolls of teleportation.
As you read the scroll of teleportation, it crumbles to dust.
You feel strangely unstable.
The death yak closely misses you. x2; You block the death yak's attack.
7597 ||| DRINKING potion of heal wounds.
You feel much better.
You feel like a meek peon again. The death yak gores you! x2
The death yak gores you but does no damage.
7598 ||| INVOKING Heroism.
You gain the combat prowess of a mighty hero.
The death yak gores you!
You die...

P##...# #........##...........#..
###...###.......#........#...##..
# #....##.......#...7...+....###.
# #...###.....#..............###.
# #...####...........#####.......
# #....#######..7....#####...#...
###....#.7...............#...##..
.###..#.....#..Y.............P#..
#####.77.>..+.7.@Y7..7........##.
..# ###.....#....Y...........###.
..# ##.7..#...............## #.
..### ######...7..##.####.#####.
....## #.#......#....## #..[
#....## ###.........#.####...
##....#######.###...7.....##.....
###.....##.....##.......###....#
##......####.....##............##


You could see 3 death yaks.

Vanquished Creatures
  2 death yaks (Lair:2)
  2 black mambas (Lair:1)
  Grinder (D:6)
  Prince Ribbit (D:8)
  3 blink frogs (Lair:2)
  Sigmund (D:2)
  A wyvern (D:8)
  18 yaks
  A steam dragon (Lair:1)
  Menkaure (D:4)
  7 water moccasins
  2 sky beasts
  An ice beast (D:5)
  An orc warrior (D:8)
  2 black bears
  3 wolves (Lair:1)
  4 ogres
  A centaur (D:5)
  A phantom (D:6)
  6 bullfrogs (Lair:1)
  A kobold brigand (D:8)
  Blork the orc (D:6)
  2 scorpions
  3 wights (D:7)
  3 killer bees (D:8)
  2 howler monkeys
  4 jellies
  5 orc priests
  6 hounds
  A sleepcap (D:7)
  An iguana (D:5)
  8 orc wizards
  A hell rat (Sewer)
  Robin (D:2)
  7 adders
  6 gnolls
  5 river rats
  A white imp (D:6)
  3 worms
  3 dart slugs
  35 orcs
  3 bats
  4 endoplasms
  4 giant cockroaches
  9 hobgoblins
  2 jackals (D:1)
  15 kobolds
  6 quokkas
  7 ball pythons
  2 frilled lizards
  19 goblins
  11 rats
  A butterfly (Lair:1)
241 creatures vanquished.

Notes
Turn   | Place    | Note
-------+----------+-------------------------------------------
     0 | D:1      | qw the Gargoyle Fighter began the quest for the Orb.
     0 | D:1      | Reached XP level 1. HP: 14/14 MP: 1/1
     0 | D:1      | 0 ||| qw: Version: 0.2-a-102-gfc559e5
     0 | D:1      | 0 ||| qw: Game counter: 615
     0 | D:1      | 0 ||| qw: Always use a shield: true
     0 | D:1      | 0 ||| qw: God list: Okawaru
     0 | D:1      | 0 ||| qw: Allow faded altars: false
     0 | D:1      | 0 ||| qw: Do Orc after D:15 true
     0 | D:1      | 0 ||| qw: Do second Lair branch before Depths: true
     0 | D:1      | 0 ||| qw: Lair rune preference: random
     0 | D:1      | 0 ||| qw: Plans: Normal, Zot:1-4, Slime:5, God:TSO, Crypt,
                  | Tomb, Pan, Hells, Abyss, Win
     0 | D:1      | 0 ||| PLANNING D:1-11
    16 | D:1      | 16 ||| READING scroll labelled QUG QIZYEGAHOR.
    16 | D:1      | Identified a scroll of acquirement
    16 | D:1      | 16 ||| ACQUIRING ring of Jiechupp {Fly rCorr Dex+3}
    16 | D:1      | Acquired the ring of Jiechupp {Fly rCorr Dex+3}
    18 | D:1      | 18 ||| UPGRADING to ring of Jiechupp {Fly rCorr Dex+3}.
    69 | D:1      | Reached skill level 2 in Axes
   158 | D:1      | Reached XP level 2. HP: 19/19 MP: 2/2
   568 | D:1      | 568 ||| DROPPING +0 club.
   795 | D:1      | Reached skill level 3 in Axes
   872 | D:1      | 872 ||| UPGRADING to +0 kite shield.
   882 | D:1      | 882 ||| DROPPING +0 buckler.
   883 | D:1      | 883 ||| READING scroll labelled GAOWNEYMEF.
   884 | D:1      | 884 ||| READING scroll labelled QIXTOSAISK.
   885 | D:1      | 885 ||| READING scroll labelled YPUSIO VEATHRI.
   889 | D:1      | 889 ||| READING scroll labelled HOEMIA SYCA.
   890 | D:1      | 890 ||| READING scroll labelled EGRITHOST.
   940 | D:2      | Noticed Robin
   941 | D:2      | 941 ||| Stepping ~*~*~tactically~*~*~ (stealth).
   949 | D:2      | Reached XP level 3. HP: 23/23 MP: 3/3
   962 | D:2      | Killed Robin
   968 | D:2      | 968 ||| FLEEEEING.
   969 | D:2      | 969 ||| FLEEEEING.
   970 | D:2      | 970 ||| FLEEEEING.
   971 | D:2      | 971 ||| FLEEEEING.
   972 | D:2      | 972 ||| FLEEEEING.
   973 | D:2      | 973 ||| FLEEEEING.
   974 | D:2      | 974 ||| FLEEEEING.
   975 | D:2      | 975 ||| FLEEEEING.
   976 | D:2      | 976 ||| FLEEEEING.
   977 | D:2      | 977 ||| FLEEEEING.
   978 | D:2      | 978 ||| FLEEEEING.
   979 | D:2      | 979 ||| STAIRDANCE
  1045 | D:1      | 1045 ||| UPGRADING to +0 pair of boots.
  1050 | D:1      | 1050 ||| READING scroll labelled RIZXUEN ADIN.
  1177 | D:2      | 1177 ||| Stepping ~*~*~tactically~*~*~ (stealth).
  1186 | D:2      | 1186 ||| Stepping ~*~*~tactically~*~*~ (stealth).
  1195 | D:2      | 1195 ||| READING scroll of acquirement.
  1195 | D:2      | 1195 ||| ACQUIRING +4 consecrated labrys {holy, Valiant
                  | Fragile Fly SInv}
  1195 | D:2      | Acquired the +4 consecrated labrys {holy, Valiant Fragile
                  | Fly SInv}
  1195 | D:2      | Found the +4 consecrated labrys {holy, Valiant Fragile Fly
                  | SInv}
  1196 | D:2      | 1196 ||| Stepping ~*~*~tactically~*~*~ (stealth).
  1197 | D:2      | 1197 ||| Stepping ~*~*~tactically~*~*~ (stealth).
  1206 | D:2      | 1206 ||| Stepping ~*~*~tactically~*~*~ (stealth).
  1207 | D:2      | 1207 ||| Stepping ~*~*~tactically~*~*~ (stealth).
  1211 | D:2      | 1211 ||| Stepping ~*~*~tactically~*~*~ (stealth).
  1212 | D:2      | 1212 ||| Stepping ~*~*~tactically~*~*~ (stealth).
  1213 | D:2      | 1213 ||| Stepping ~*~*~tactically~*~*~ (stealth).
  1229 | D:2      | 1229 ||| Stepping ~*~*~tactically~*~*~ (stealth).
  1410 | D:2      | Reached XP level 4. HP: 28/28 MP: 4/4
  1415 | D:2      | Noticed Sigmund
  1416 | D:2      | 1416 ||| Stepping ~*~*~tactically~*~*~ (hiding).
  1424 | D:2      | Killed Sigmund
  1425 | D:2      | Reached skill level 5 in Axes
  1425 | D:2      | Reached XP level 5. HP: 19/32 MP: 5/5
  1536 | D:2      | Reached XP level 6. HP: 36/37 MP: 6/6
  1714 | D:2      | Reached skill level 1 in Dodging
  1715 | D:2      | 1715 ||| Stepping ~*~*~tactically~*~*~ (hiding).
  1825 | D:2      | 1825 ||| UPGRADING to +0 helmet.
  1830 | D:2      | 1830 ||| DROPPING amulet of magic regeneration.
  1831 | D:2      | 1831 ||| UPGRADING to amulet of regeneration.
  1882 | D:3      | 1882 ||| DROPPING +0 whip.
  1892 | D:3      | 1892 ||| Stepping ~*~*~tactically~*~*~ (stealth).
  1896 | D:3      | 1896 ||| Stepping ~*~*~tactically~*~*~ (stealth).
  1898 | D:3      | 1898 ||| Stepping ~*~*~tactically~*~*~ (stealth).
  1976 | D:3      | 1976 ||| Stepping ~*~*~tactically~*~*~ (stealth).
  2628 | D:3      | 2628 ||| DROPPING +1 hat.
  2717 | D:4      | 2717 ||| Stepping ~*~*~tactically~*~*~ (hiding).
  2719 | D:4      | 2719 ||| Stepping ~*~*~tactically~*~*~ (hiding).
  2868 | D:4      | 2868 ||| Stepping ~*~*~tactically~*~*~ (stealth).
  2916 | D:4      | Found a hide-covered altar of Uskayaw.
  2954 | D:4      | 2954 ||| Stepping ~*~*~tactically~*~*~ (hiding).
  2955 | D:4      | 2955 ||| Stepping ~*~*~tactically~*~*~ (hiding).
  2959 | D:4      | 2959 ||| Stepping ~*~*~tactically~*~*~ (stealth).
  2980 | D:4      | 2980 ||| DROPPING +1 whip of holy wrath.
  3021 | D:4      | Found a blossoming altar of Fedhas.
  3064 | D:4      | Noticed Menkaure
  3065 | D:4      | 3065 ||| Stepping ~*~*~tactically~*~*~ (hiding).
  3071 | D:4      | Killed Menkaure
  3072 | D:4      | Reached XP level 7. HP: 44/44 MP: 7/7
  3249 | D:4      | 3249 ||| Stepping ~*~*~tactically~*~*~ (stealth).
  3552 | D:4      | 3552 ||| DROPPING amulet of guardian spirit.
  3553 | D:4      | 3553 ||| UPGRADING to +5 ring of evasion.
  3554 | D:4      | 3554 ||| DRINKING 3 pink potions.
  3583 | D:5      | Entered Level 5 of the Dungeon
  3665 | D:5      | Reached skill level 6 in Axes
  3750 | D:5      | 3750 ||| Stepping ~*~*~tactically~*~*~ (stealth).
  3758 | D:5      | Reached skill level 6 in Shields
  3758 | D:5      | Reached XP level 8. HP: 48/48 MP: 8/8
  3786 | D:5      | 3786 ||| DROPPING +2 flail of venom.
  3888 | D:5      | Found an ornate altar of the Wu Jian Council.
  4005 | D:5      | Reached skill level 7 in Axes
  4023 | D:5      | Found a staircase to the Ecumenical Temple.
  4024 | D:5      | 4024 ||| PLANNING TEMPLE
  4032 | Temple   | Entered the Ecumenical Temple
  4079 | Temple   | 4079 ||| PLANNING OKAWARU WORSHIP
  4113 | Temple   | Became a worshipper of Warmaster Okawaru
  4113 | Temple   | 4113 ||| PLANNING D:1-11
  4526 | D:5      | 4526 ||| UPGRADING to +0 chain mail.
  4536 | D:5      | 4536 ||| DROPPING +0 scale mail.
  4537 | D:5      | 4537 ||| READING scroll labelled ERUYRESMINN.
  4579 | D:6      | 4579 ||| PLANNING SEWER
  4593 | D:6      | Found a glowing silver altar of Zin.
  4644 | D:6      | Reached * piety under Okawaru
  4701 | D:6      | 4701 ||| Stepping ~*~*~tactically~*~*~ (stealth).
  4702 | D:6      | 4702 ||| Stepping ~*~*~tactically~*~*~ (stealth).
  4704 | D:6      | 4704 ||| Stepping ~*~*~tactically~*~*~ (stealth).
  4739 | D:6      | 4739 ||| Stepping ~*~*~tactically~*~*~ (stealth).
  4857 | D:6      | Reached skill level 1 in Invocations
  4915 | D:6      | Found a glowing drain.
  4922 | D:6      | 4922 ||| DROPPING ring of flight.
  4923 | D:6      | 4923 ||| READING scroll labelled SOIKAB ACVIO.
  4924 | D:6      | 4924 ||| READING scroll labelled DAORASCH NESHU.
  4925 | D:6      | 4925 ||| DRINKING 3 grey potions.
  5029 | D:6      | 5029 ||| DROPPING 2 potions of berserk rage.
  5033 | Sewer    | Entered a sewer
  5078 | Sewer    | 5078 ||| Stepping ~*~*~tactically~*~*~ (stealth).
  5087 | Sewer    | Reached XP level 9. HP: 54/54 MP: 10/10
  5135 | Sewer    | 5135 ||| READING scroll labelled IQAIMY QOIQ.
  5136 | Sewer    | 5136 ||| READING scroll labelled PEEJEF CIAL.
  5137 | Sewer    | 5137 ||| DRINKING 2 fuming silvery potions.
  5145 | D:6      | 5145 ||| PLANNING D:1-11
  5232 | D:6      | Noticed Blork the orc
  5233 | D:6      | 5233 ||| Stepping ~*~*~tactically~*~*~ (hiding).
  5234 | D:6      | 5234 ||| INVOKING Heroism.
  5239 | D:6      | Killed Blork the orc
  5387 | D:6      | Found a radiant altar of Vehumet.
  5425 | D:6      | Noticed Grinder
  5426 | D:6      | 5426 ||| Stepping ~*~*~tactically~*~*~ (hiding).
  5432 | D:6      | 5432 ||| INVOKING Heroism.
  5436 | D:6      | Paralysed by Grinder for 5 turns
  5447 | D:6      | Killed Grinder
  5448 | D:6      | Reached skill level 8 in Axes
  5577 | D:6      | 5577 ||| READING 2 scrolls labelled BEREAD NETWU.
  5578 | D:6      | 5578 ||| READING scroll of enchant armour.
  5578 | D:6      | 5578 ||| ENCHANTING +0 helmet.
  5643 | D:7      | 5643 ||| INVOKING Heroism.
  5676 | D:7      | Reached skill level 3 in Invocations
  5696 | D:7      | 5696 ||| READING scroll of brand weapon.
  5696 | D:7      | 5696 ||| BRANDING +0 war axe of venom.
  5697 | D:7      | 5697 ||| DROPPING +2 heavy flail.
  5798 | D:7      | 5798 ||| INVOKING Heroism.
  5804 | D:7      | Reached skill level 6 in Fighting
  6099 | D:8      | 6099 ||| INVOKING Heroism.
  6216 | D:8      | 6216 ||| INVOKING Heroism.
  6257 | D:8      | 6257 ||| INVOKING Heroism.
  6289 | D:8      | 6289 ||| Stepping ~*~*~tactically~*~*~ (stealth).
  6290 | D:8      | 6290 ||| INVOKING Heroism.
  6309 | D:8      | 6309 ||| Stepping ~*~*~tactically~*~*~ (stealth).
  6312 | D:8      | 6312 ||| Stepping ~*~*~tactically~*~*~ (stealth).
  6325 | D:8      | 6325 ||| Stepping ~*~*~tactically~*~*~ (stealth).
  6328 | D:8      | 6328 ||| Stepping ~*~*~tactically~*~*~ (hiding).
  6329 | D:8      | 6329 ||| INVOKING Heroism.
  6341 | D:8      | Reached XP level 10. HP: 43/60 MP: 11/13
  6349 | D:8      | Reached skill level 9 in Axes
  6367 | D:8      | You are sucked into a shaft and drop 1 floor!
  6405 | D:9      | 6405 ||| DROPPING +2 robe of resistance.
  6406 | D:9      | 6406 ||| UPGRADING to +0 plate armour.
  6416 | D:9      | 6416 ||| DROPPING +0 chain mail.
  6417 | D:9      | 6417 ||| DRINKING 2 sapphire potions.
  6418 | D:9      | 6418 ||| READING 2 scrolls of identify.
  6418 | D:9      | 6418 ||| IDENTIFYING smoky orange potion
  6419 | D:9      | 6419 ||| DROPPING potion of brilliance.
  6420 | D:9      | 6420 ||| DROPPING potion of flight.
  6431 | D:9      | 6431 ||| Stepping ~*~*~tactically~*~*~ (stealth).
  6432 | D:9      | 6432 ||| Stepping ~*~*~tactically~*~*~ (stealth).
  6438 | D:9      | 6438 ||| Stepping ~*~*~tactically~*~*~ (stealth).
  6463 | D:8      | 6463 ||| Stepping ~*~*~tactically~*~*~ (stealth).
  6475 | D:8      | 6475 ||| INVOKING Heroism.
  6484 | D:8      | Reached skill level 6 in Armour
  6507 | D:8      | Found a staircase to the Lair.
  6529 | D:8      | 6529 ||| Stepping ~*~*~tactically~*~*~ (stealth).
  6533 | D:8      | 6533 ||| Stepping ~*~*~tactically~*~*~ (stealth).
  6552 | D:8      | Reached ** piety under Okawaru
  6566 | D:8      | Reached skill level 9 in Shields
  6603 | D:8      | Noticed Prince Ribbit
  6615 | D:8      | Killed Prince Ribbit
  6706 | D:8      | 6706 ||| PLANNING LAIR
  6706 | D:8      | 6706 ||| READING 2 scrolls of identify.
  6706 | D:8      | 6706 ||| IDENTIFYING puce potion
  6736 | Lair:1   | Entered Level 1 of the Lair of Beasts
  6770 | Lair:1   | 6770 ||| Stepping ~*~*~tactically~*~*~ (stealth).
  6784 | Lair:1   | 6784 ||| INVOKING Heroism.
  6824 | Lair:1   | 6824 ||| Stepping ~*~*~tactically~*~*~ (hiding).
  6833 | Lair:1   | 6833 ||| INVOKING Heroism.
  6836 | Lair:1   | Reached skill level 10 in Axes
  6846 | Lair:1   | Reached *** piety under Okawaru
  6850 | Lair:1   | Reached skill level 3 in Dodging
  6850 | Lair:1   | Reached XP level 11. HP: 42/67 MP: 12/14
  7008 | Lair:1   | 7008 ||| INVOKING Heroism.
  7036 | Lair:1   | 7036 ||| INVOKING Heroism.
  7049 | Lair:1   | 7049 ||| INVOKING Heroism.
  7054 | Lair:1   | Received a gift from Okawaru
  7548 | Lair:1   | 7548 ||| READING 2 scrolls of identify.
  7548 | Lair:1   | 7548 ||| IDENTIFYING bubbling brown potion
  7566 | Lair:2   | Noticed a death yak
  7567 | Lair:2   | 7567 ||| INVOKING Heroism.
  7568 | Lair:2   | Noticed a death yak
  7569 | Lair:2   | 7569 ||| Stepping ~*~*~tactically~*~*~ (stealth).
  7570 | Lair:2   | 7570 ||| Stepping ~*~*~tactically~*~*~ (stealth).
  7574 | Lair:2   | Noticed a death yak
  7575 | Lair:2   | Noticed a death yak
  7576 | Lair:2   | Noticed a death yak
  7582 | Lair:2   | Killed a death yak
  7584 | Lair:2   | Killed a death yak
  7585 | Lair:2   | Reached skill level 11 in Axes
  7588 | Lair:2   | 7588 ||| STAIRDANCE
  7595 | Lair:1   | HP: 10/69 [death yak (9)]
  7596 | Lair:1   | 7596 ||| READING 4 scrolls of teleportation.
  7597 | Lair:1   | 7597 ||| DRINKING potion of heal wounds.
  7598 | Lair:1   | 7598 ||| INVOKING Heroism.
  7598 | Lair:1   | Slain by a death yak

Levels and vault maps discovered:
D:1:      lightli_arrival_flooded_house, layout_basic,
          chequers_serial_rivers_small_b
D:2:      layout_loops_ring, uniq_robin, uniq_sigmund
D:3:      layout_loops_corners, nicolae_kite_square_tiling_tiny
D:4:      layout_basic, mainiacjoe_overflow_cross_hatched,
          mainiacjoe_overflow_boulevard, minmay_box_of_dots, uniq_menkaure
D:5:      minmay_spotlight, layout_basic, mainiacjoe_overflow_paths,
          temple_fountains
D:6:      layout_loops_cross, mainiacjoe_overflow_24_doors,
          nicolae_vehumet_altar_sigil, gup_sewer_entry_spiral, hex_tiny,
          uniq_blork_the_orc, uniq_grinder
D:7:      layout_rooms
D:8:      layout_basic, lair_entry_dummy, uniq_prince_ribbit1
D:9:      layout_loops_ring, uniq_maurice
Temple:   dshaligram_water_room_temple
Lair:1:   layout_concentric_octagons, grunt_megastairs_3, lemuel_fruit_fields
Lair:2:   layout_regular_city, guppyfry_snake_entry_garden,
          chequers_serial_rivers_small_a, serial_bayou_shore_b

Skill      XL: |  1  2  3  4  5  6  7  8  9 10 11 |
---------------+----------------------------------+-----
Axes           | 2 3 5 6 7 8 10 11 | 11.1
Shields        | 4 5 6 7 8 9 |  9.0
Dodging        | 1 3 |  3.0
Fighting       | 4 5 6 7 8 |  8.3
Throwing       | 2 |  2.1
Invocations    | 1 4 |  4.3
Armour         | 4 6 7 |  7.0

Action                     |  1- 3 |  4- 6 |  7- 9 | 10-12 || total
---------------------------+-------+-------+-------+-------++-------
  Melee: War axe           |   100 |   108 |   330 |   211 ||   749
  Throw: Boomerang         |       |    10 |    67 |    38 ||   115
 Invoke: Heroism           |       |       |     9 |     8 ||    17
    Use: Scroll            |     8 |       |     8 |     4 ||    20
         Potion            |       |       |     3 |     2 ||     5
 Armour: Scale mail        |    44 |    47 |    58 |       ||   149
         Chain mail        |       |       |    44 |       ||    44
         Plate armour      |       |       |       |   132 ||   132
  Dodge: Dodged            |    37 |    32 |   156 |   106 ||   331
  Block: Buckler           |    10 |       |       |       ||    10
         Kite shield       |    22 |    42 |   150 |   138 ||   352

Table legend:
 A = Non-vault XP
 B = Vault XP
 C = Vault XP percentage of total XP
 D = Non-vault monster count
 E = Vault monster count
 F = Vault count percentage of total count
                 A         B        C        D         E       F
            +---------+---------+-------+---------+---------+-------
      Total |   11969 |    2187 |  15.4 |     196 |      44 |  18.3
            +---------+---------+-------+---------+---------+-------
        D:1 |      31 |       0 |   0.0 |      20 |       0 |   0.0
        D:2 |      53 |     263 |  83.2 |      14 |      14 |  50.0
        D:3 |      39 |       0 |   0.0 |      17 |       0 |   0.0
        D:4 |     375 |     183 |  32.8 |      18 |       4 |  18.2
        D:5 |     781 |     386 |  33.1 |      27 |       5 |  15.6
        D:6 |     276 |     414 |  60.0 |      10 |       8 |  44.4
        D:7 |     895 |       0 |   0.0 |      10 |       0 |   0.0
        D:8 |    3255 |     259 |   7.4 |      49 |       1 |   2.0
        D:9 |      43 |       0 |   0.0 |       3 |       0 |   0.0
     Lair:1 |    3797 |     615 |  13.9 |      23 |       3 |  11.5
     Lair:2 |    2424 |       0 |   0.0 |       5 |       0 |   0.0
      Sewer |       0 |      67 | 100.0 |       0 |       9 | 100.0
            +---------+---------+-------+---------+---------+-------
